 Dungeon Crawl Stone Soup version 0.13.0-25-g43d4df3 (webtiles) character file.

118 M4edhros the Sneak (level 3, 0/24 HPs)
             Began as an Octopode Artificer on Oct 29, 2013.
             Fell down a flight of stairs (1 damage)
             ... on Level 3 of the Dungeon.
             The game lasted 00:01:57 (1133 turns).

M4edhros the Sneak (Octopode Artificer)             Turns: 1133, Time: 00:01:58

HP   0/24        AC  6     Str 10      XL: 3   Next: 60%
MP   4/4         EV  7     Int 15      God:
Gold 74          SH  0     Dex 12      Spells:  0 memorised,  2 levels left

Res.Fire  : . . .   See Invis. : .   s - +1,+2 mace (protect)
Res.Cold  : . . .   Warding    : .   p - +0 large shield
Life Prot.: . . .   Conserve   : .   (helmet restricted)
Res.Poison: .       Res.Corr.  : .   (no amulet)
Res.Elec. : .       Clarity    : .   (no ring)
Sust.Abil.: . .     Spirit.Shd : .   (no ring)
Res.Mut.  : .       Stasis     : .   (no ring)
Res.Rott. : .       Flight     : .   (no ring)
Saprovore : . . .                    (no ring)
                                     (no ring)
                                     (no ring)
                                     (no ring)

@: confused, not resistant to hostile enchantments, fairly stealthy
A: almost no armour, amphibious, 8 rings, constrict 8, camouflage 1, AC +1
a: no special abilities


You were on level 3 of the Dungeon.
You were not hungry.

You visited 1 branch of the dungeon, and saw 3 of its levels.

You collected 54 gold pieces.

Inventory:

Hand weapons
 a - a +0,+0 short sword
 s - a +1,+2 mace of protection (weapon)
Armour
 p - a +0 large shield (worn)
Magical devices
 b - a wand of flame (15)
 c - a wand of enslavement (14)
 d - a wand of random effects (14)
Comestibles
 f - 2 bread rations
 i - a chunk of adder flesh
Scrolls
 g - a scroll of identify {unknown}
 h - a scroll of blinking {unknown}
 m - 3 scrolls of teleportation {unknown}
 n - a scroll of recharging
 q - a scroll of fear {unknown}


   Skills:
 - Level 1.0 Fighting
 - Level 1.0 Short Blades
 - Level 2.0 Dodging
 + Level 4.9 Stealth
 - Level 3.2 Evocations


You had 2 spell levels left.
You didn't know any spells.

Dungeon Overview and Level Annotations

Branches:
Dungeon (3/27)

Altars:
Trog

Annotations:
D:3 Sigmund


Innate Abilities, Weirdness & Mutations

You cannot wear most types of armour.
You are amphibious.
You can wear up to eight rings at the same time.
You can use your tentacles to constrict many enemies at once.
Your skin changes colour to match your surroundings (Stlth).
Your rubbery body absorbs attacks (AC +1).


Message History

Sigmund hits you from afar with a scythe of flaming!
Ouch! That really hurt!
Sigmund burns you.
Drink which item? (? for menu, Esc to quit)
You feel much better. Sigmund gestures at you while chanting.
The puff of flame hits you! Sigmund hits you but does no damage.
Sigmund hits you from afar with a scythe of flaming.
* * * LOW HITPOINT WARNING * * *
Sigmund burns you.
* * * LOW HITPOINT WARNING * * *
In your confused state, you trip and fall back down the stairs.
* * * LOW HITPOINT WARNING * * *
Sigmund casts a spell at you. You resist. Sigmund casts a spell at you.
The puff of flame hits you!
* * * LOW HITPOINT WARNING * * *
In your confused state, you trip and fall back down the stairs.
You die...

... ## #........ ..
#........# # #.
#$.......# #.##.
........### ...
...[....... #######
#.#####........#
......#
#......###.>...#
#####.#####.....@..####
......<####.....(.....#
.......<..'...@.......#
..###..####...........#
.
#.......%.............
#......................
#........#.####....###.
#..........#.# #....#
####.#######.# #....#


You could see Sigmund.

Vanquished Creatures
  Terence (D:3)
  An adder (D:2)
  A worm (D:2)
  2 bats (D:1)
  4 goblins
  2 hobgoblins (D:1)
  An ooze (D:1)
  3 ball pythons
  A giant cockroach (D:1)
  3 kobolds
19 creatures vanquished.

Notes
Turn   | Place    | Note
--------------------------------------------------------------
     0 | D:1      | M4edhros, the Octopode Artificer, began the quest for the Orb.
     0 | D:1      | Reached XP level 1. HP: 14/14 MP: 1/1
    99 | D:1      | Reached XP level 2. HP: 14/19 MP: 3/3
   749 | D:2      | Reached skill level 4 in Stealth
   750 | D:2      | Found a bloodstained altar of Trog.
   856 | D:3      | Noticed Terence
   868 | D:3      | Killed Terence
   868 | D:3      | Reached XP level 3. HP: 12/24 MP: 4/4
   897 | D:3      | Noticed Sigmund
  1132 | D:3      | HP: 1/24 [Sigmund/puff of flame (3)]
  1133 | D:3      | Fell down a flight of stairs

Action                   || total
-------------------------++-------
Melee: Short sword       ||    43
       Mace              ||     1
Evoke: Wand              ||     2
  Use: Potion            ||     9
 Stab: Sleeping          ||     4
